 Dungeon Crawl Stone Soup version 0.26-a0-1181-gd376ed14c5 (webtiles) character file.

Game seed: 12019515457706013363

1078 dinky3 the Cutter (level 8, -2/43 HPs)
             Began as a Vine Stalker Chaos Knight on Dec 25, 2020.
             Was a Plaything of Xom.
             Shot with an arrow by a centaur (9 damage)
             ... on level 6 of the Dungeon on Dec 26, 2020.
             The game lasted 00:09:29 (2375 turns).

dinky3 the Cutter (Vine Stalker Chaos Knight)       Turns: 2375, Time: 00:09:30

Health: -2/43      AC:  6    Str: 18      XL:     8   Next: 29%
Magic:  0/9        EV: 11    Int: 12      God:    Xom [.....*]
Gold:   181        SH:  0    Dex: 13 (17) Spells: 6/7 levels left

rFire    . . .     SeeInvis .   h - +1 rapier (freeze)
rCold    . . .     Faith    .   (no shield)
rNeg     . . .     Spirit   +   b - +2 leather armour
rPois    .         Reflect  .   (no helmet)
rElec    .         Harm     .   (no cloak)
rCorr    .         Rampage  .   (no gloves)
Will     +....                  k - +0 pair of boots
Stlth    +.........             (no amulet)
HPRegen  0.54/turn              (no ring)
MPRegen  0.11/turn              (no ring)

@: no status effects
A: fangs 3, agile 1, regeneration 1, strong 1, magic shield, antimagic bite, no
potion heal 3
a: Renounce Religion


You were on level 6 of the Dungeon.
You worshipped Xom.
You were Xom's teddy bear.
You visited 1 branch of the dungeon, and saw 6 of its levels.

You collected 181 gold pieces.

Inventory:

Hand Weapons
 a - a +1 short sword of chaos
 h - a +1 rapier of freezing (weapon)
Armour
 b - a +2 leather armour (worn)
 k - a +0 pair of boots (worn)
 m - a +0 kite shield
 o - a +1 robe of positive energy
 u - +0 steam dragon scales
Jewellery
 s - an uncursed ring of stealth {unknown}
Scrolls
 c - 2 scrolls of amnesia
 d - a scroll of remove curse
 e - a scroll of immolation {unknown}
 f - a scroll of brand weapon {unknown}
 i - a scroll of noise {unknown}
 n - a scroll of enchant armour {unknown}
 r - a scroll of fog {unknown}
Potions
 g - 3 potions of flight
 j - a potion of curing
 l - a potion of lignification {unknown}
 p - a potion of magic
 q - a potion of brilliance {unknown}
 t - a potion of cancellation {unknown}


   Skills:
 + Level 5.2 Fighting
 - Level 6.4 Short Blades
 - Level 1.5 Armour
 - Level 0.7 Dodging
 * Level 4.7 Unarmed Combat


You had 6 spell levels left.
You knew the following spells:

 Your Spells              Type           Power        Failure   Level
a - Apportation           Tloc           0%           36%         1

Your spell library contained the following spells:

 Spells                   Type           Power        Failure   Level
 Animate Skeleton         Necr           0%           36%         1
 Corona                   Hex            0%           36%         1
 Foxfire                  Conj/Fire      0%           36%         1
 Summon Small Mammal      Summ           0%           36%         1
 Conjure Flame            Conj/Fire      0%           75%         3
 Inner Flame              Hex/Fire       0%           75%         3
 Sticky Flame             Conj/Fire      0%           98%         4
 Fireball                 Conj/Fire      0%           100%        5


Dungeon Overview and Level Annotations

Branches:
Dungeon (6/15)
 Temple: D:4-7

Altars:
Ashenzari
Gozag
Uskayaw
Zin
The Shining One

Annotations:
D:5 exclusions: centaur and 1 more exclusion


Innate Abilities, Weirdness & Mutations

You have razor-sharp teeth.
Your natural rate of healing is unusually fast.
When hurt, damage is shared between your health and your magic reserves.
Your bite disrupts and absorbs the magic of your enemies.
Potions cannot restore your health.
You are agile. (Dex +2)
Your muscles are strong. (Str +2)


Message History

You swap places.
A centaur comes into view.
The centaur shouts!
The centaur wields a +0 shortbow.
The centaur shoots an arrow.
The arrow hits you!
You see here an arrow.
The centaur shoots an arrow.
The arrow hits you.
You hear a shout!
Found 18 stones.
You see here an arrow.
You swap places.
An orc comes into view. It is wielding a +0 hand axe.
The orc shouts!
You hear a shout!
The centaur shoots an arrow.
The arrow hits you!
You see here an arrow.
The centaur shoots an arrow.
The arrow hits you!
* * * LOW HITPOINT WARNING * * *
The centaur shoots an arrow.
The arrow hits you!
You die...
Xom cackles wildly!

........)......†≈≈PP≈PP
....................... .
.........b>.......##.##..
.....b.b.bb........##....
...(...).#.#...#.†.......
.......b####....≈...####
....bb....##......### .
..b..b.b(........## ..
.$.....bb@..####.## ...
.......b(.#.##.#..# ...
...b..≈≈..##......#####..#
.....≈..≈.####.....##....#
.≈≈..≈..≈≈≈ #.............
.c≈..≈..≈≈≈#....≈≈≈......
..≈⌠.≈...≈≈#....≈.≈......
≈o⌠≈..≈.(≈≈#....≈≈≈......
≈..≈..≈..≈≈#.............


You could see a centaur and an orc.

Vanquished Creatures
  Blork the orc (D:5)
  3 scorpions
  A howler monkey (D:5)
  A quasit (D:5)
  An orc priest (D:4)
  A hound (D:6)
  A centaur skeleton (D:5)
  An orc wizard (D:5)
  Jessica (D:2)
  3 worker ants
  A hound skeleton (D:4)
  2 gnolls (D:3)
  3 adders
  3 white imps
  An ooze (D:1)
  An ufetubus (D:5)
  4 worms
  2 dart slugs
  A leopard gecko (D:2)
  6 orcs
  2 bats
  3 giant cockroaches
  3 goblins
  A hobgoblin (D:1)
  7 jackals
  4 quokkas
  2 ball pythons
  7 kobolds
  A quokka skeleton (D:5)
  4 rats
72 creatures vanquished.

Vanquished Creatures (collateral kills)
  Maggie (D:6)
  A golden eye (D:4)
  A sky beast (D:6)
  2 scorpions (D:4)
  An electric eel (D:6)
  An orc wizard (D:4)
  An orc (D:4)
  A quokka (D:4)
9 creatures vanquished.

Vanquished Creatures (others)
  16 plants (D:6)
16 creatures vanquished.

Grand Total: 97 creatures vanquished

Notes
Turn   | Place    | Note
-------+----------+-------------------------------------------
     0 | D:1      | dinky3 the Vine Stalker Chaos Knight began the quest for
                  | the Orb.
     0 | D:1      | Reached XP level 1. HP: 11/11 MP: 2/2
    75 | D:1      | Reached skill level 3 in Short Blades
   103 | D:1      | Reached XP level 2. HP: 13/16 MP: 3/3
   130 | D:1      | XOM: silly message
   374 | D:2      | Reached XP level 3. HP: 9/20 MP: 2/4
   526 | D:2      | Found a glowing silver altar of Zin.
   526 | D:2      | Found a glowing golden altar of the Shining One.
   526 | D:2      | Found a hide-covered altar of Uskayaw.
   526 | D:2      | Found an opulent altar of Gozag.
   527 | D:2      | XOM: divination: detect creatures
   528 | D:2      | Found a broken altar of Ashenzari.
   623 | D:2      | XOM: torment (6/20 hp)
   884 | D:2      | Noticed Jessica
   891 | D:2      | XOM: swap monsters
   895 | D:2      | Killed Jessica
   896 | D:2      | Reached skill level 4 in Short Blades
   896 | D:2      | Gained mutation: Your natural rate of healing is unusually
                  | fast. [Vine Stalker growth]
   896 | D:2      | Reached XP level 4. HP: 24/24 MP: 5/5
   901 | D:2      | XOM: silly message
   989 | D:2      | XOM: silly message
  1095 | D:3      | Noticed a shapeshifter
  1095 | D:3      | a gnoll changed into a shapeshifter
  1095 | D:3      | XOM: polymorph gnoll -> shapeshifter
  1095 | D:3      | Noticed a hog
  1095 | D:3      | a shapeshifter changed into a hog
  1098 | D:3      | Noticed a yak
  1103 | D:3      | XOM: silly message
  1128 | D:4      | Reached XP level 5. HP: 18/28 MP: 3/6
  1179 | D:4      | Reached skill level 5 in Short Blades
  1293 | D:4      | Reached XP level 6. HP: 20/33 MP: 7/7
  1299 | D:4      | XOM: cast spell 'Summon Mana Viper'
  1395 | D:4      | XOM: summons 6 friendly demons
  1429 | D:4      | Noticed a golden eye
  1429 | D:4      | a worker ant changed into a golden eye
  1431 | D:4      | XOM: enchant monster (good)
  1432 | D:4      | XOM: enchant monster (good)
  1434 | D:4      | Killed a golden eye
  1435 | D:4      | Reached skill level 6 in Short Blades
  1435 | D:4      | Reached XP level 7. HP: 37/37 MP: 8/8
  1527 | D:5      | Entered Level 5 of the Dungeon
  1560 | D:5      | Reached skill level 1 in Unarmed Combat
  1702 | D:5      | Noticed Blork the orc
  1711 | D:5      | Killed Blork the orc
  1955 | D:5      | XOM: divination: magic mapping
  2069 | D:5      | XOM: give mutations
  2069 | D:5      | Gained mutation: Your muscles are strong. (Str +2) [Xom's
                  | grace]
  2069 | D:5      | Gained mutation: You are agile. (Dex +2) [Xom's grace]
  2097 | D:5      | XOM: summons 4 hostile demons
  2206 | D:6      | Noticed Maggie
  2265 | D:6      | XOM: summons friendly ufetubus
  2277 | D:6      | Learned a level 1 spell: Apportation
  2307 | D:6      | Killed Maggie
  2308 | D:6      | Gained mutation: You have razor-sharp teeth. [Vine Stalker
                  | growth]
  2308 | D:6      | Reached XP level 8. HP: 30/42 MP: 5/9
  2313 | D:6      | Reached skill level 5 in Fighting
  2369 | D:6      | XOM: scenery: summon butterflies
  2375 | D:6      | Shot with an arrow by a centaur

Illustrated notes

Levels and vault maps discovered:
D:1:      onia_arrival_mini_spirals, layout_basic
D:2:      layout_basic, minitemple, lemuel_flame_loot_1, uniq_jessica
D:3:      layout_loops_ring, nzn_overflow_gifts_of_might_and_magic,
          old_standard_altar, lemuel_crystal_altar, serial_rivers,
          chequers_serial_rivers_micro_b, chequers_serial_rivers_large_b,
          chequers_serial_rivers_micro_e, chequers_serial_rivers_micro_c,
          minmay_misc_feat_doors
D:4:      layout_rooms, lemuel_doored_altar, minmay_fountain_box
D:5:      layout_loops_ring, uniq_blork_the_orc
D:6:      cheibrodos_helix_gallery, layout_cave_pools,
          minmay_temple_entry_statues_pillars, corexii_item_surrounded_by_moat,
          serial_bayou_lagoon_a, uniq_duvessa, uniq_maggie, uniq_edmund

Skill      XL: |  1  2  3  4  5  6  7  8 |
---------------+-------------------------+-----
Short Blades   | 3 4 5 6 |  6.4
Fighting       | 3 4 5 |  5.2
Unarmed Combat | 4 |  4.7
Armour         | |  1.5
Dodging        | |  0.7

Action                   |  1- 3 |  4- 6 |  7- 9 || total
-------------------------+-------+-------+-------++-------
Melee: Short sword       |    78 |   114 |    58 ||   250
       Bite              |    15 |    38 |    31 ||    84
       Rapier            |       |       |    92 ||    92
       Punch             |       |       |     3 ||     3
 Cast: Apportation       |       |       |     2 ||     2
  Use: Scroll            |       |     2 |     4 ||     6
       Potion            |       |     1 |     2 ||     3
 Stab: Paralysed         |     1 |       |       ||     1
       Confused          |     1 |       |       ||     1
       Sleeping          |       |     1 |       ||     1
Armor: Leather armour    |    22 |    32 |    63 ||   117
Dodge: Dodged            |    31 |    52 |   104 ||   187

Table legend: (Time is in decaauts)
 A = Elapsed time spent in this place.
 B = Non-inter-level travel time spent in this place.
 C = Inter-level travel time spent in this place.
 D = Time resting spent in this place.
 E = Time spent auto-exploring this place.
 F = Levels seen in this place.
 G = Mean time per level.
                   A        B        C        D        E       F      G
               +--------+--------+--------+--------+--------+-----+--------+
         Total |   2333 |   2164 |    169 |    404 |    169 |   6 |  388.8 |
       Dungeon |   2333 |   2164 |    169 |    404 |    169 |   6 |  388.8 |
               +--------+--------+--------+--------+--------+-----+--------+

Top non-repeatable levels by time:
     D:2: 681 daAuts
     D:5: 659 daAuts
     D:4: 439 daAuts
     D:1: 325 daAuts
     D:6: 127 daAuts
     D:3: 99 daAuts
